 Dungeon Crawl Stone Soup version 0.31-a0-210-gccc998df9b (webtiles) character file.

Game seed: 4164196315445057080

331 senseless the Ducker (level 6, -5/48 HPs)
             Began as a Human Gladiator on June 29, 2023.
             Was an Initiate of Yredelemnul.
             Slain by an ogre
             ... wielding a +0 giant club
              (10 damage)
             ... on level 4 of the Dungeon.
             The game lasted 00:05:36 (2230 turns).

senseless the Ducker (Human Gladiator)              Turns: 2230, Time: 00:05:37

Health: -5/48      AC:  5    Str: 15    XL:     6   Next: 82%
Magic:  6/6        EV: 13    Int:  8    God:    Yredelemnul [......]
Gold:   135        SH:  0    Dex: 16    Spells: 5/5 levels left

rFire   . . .        a - +0 long sword
rCold   . . .        (no shield)
rNeg    . . .        b - +0 leather armour
rPois   .            c - +0 helmet
rElec   .            n - +0 cloak
rCorr   .            (no gloves)
SInv    .            (no boots)
Will    .....        (no amulet)
Stlth   +            (no ring)
HPRegen 0.28/turn    (no ring)
MPRegen 0.10/turn

%: no passive effects
@: no status effects
A: no striking features
a: Renounce Religion, Recall Undead Harvest


You were on level 4 of the Dungeon.
You worshipped Yredelemnul.
Yredelemnul was noncommittal.
You visited 1 branch of the dungeon, and saw 4 of its levels.

You collected 135 gold pieces.

Inventory:

Hand Weapons
 a - a +0 long sword (weapon)
Missiles
 d - 2 throwing nets (quivered)
 e - a javelin
Armour
 b - a +0 leather armour (worn)
 c - a +0 helmet (worn)
 n - a +0 cloak (worn)
Scrolls
 g - 2 scrolls of immolation {unknown}
 i - 2 scrolls of revelation {unknown}
 j - 2 scrolls of fog {unknown}
 k - a scroll of amnesia {unknown}
 o - a scroll of blinking {unknown}
 p - a scroll of vulnerability {unknown}
 q - a scroll of fear {unknown}
Potions
 f - a potion of degeneration {unknown}
 h - a potion of heal wounds {unknown}
 l - 3 potions of brilliance
 m - 3 potions of attraction {unknown}


   Skills:
 + Level 3.7 Fighting
 + Level 4.3 Long Blades
 + Level 3.6 Throwing
 + Level 4.4 Dodging


You had 5 spell levels left.
You didn't know any spells.
Your spell library contained the following spells:

 Spells                   Type           Power      Damage    Failure   Level
 Apportation              Tloc           0%         N/A       47%         1
 Necrotise                Necr           0%         1d4       47%         1
 Summon Small Mammal      Summ           0%         N/A       47%         1
 Vampiric Draining        Necr           0%         2d6       85%         3
 Agony                    Necr           0%         N/A       100%        5


Dungeon Overview and Level Annotations

Branches:
Dungeon (4/15)
 Temple: D:4-7

Altars:
Cheibriados
Yredelemnul

Annotations:
D:3 2 transporters, flestrin's ghost, amateur DECj


Message History

Partly explored, unvisited transporter.
Search for what [Enter for "."]? .
You swap places.
There is a stone staircase leading down here.
You climb downwards.
Your mindless puppet stays behind to rot.
You hear the sound of rushing water.
There is an entrance to a sewer on this level.
Hurry and find it before the portal rusts away!
Found a jewelled gold wand.
Found a stone staircase leading down.
There is a stone staircase leading up here.
The helpless quokka fails to defend itself.
You slash the quokka!
You kill the quokka!
The ogre closely misses you.
You hit the ogre.
The ogre is lightly wounded.
You hit the ogre.
The ogre is lightly wounded.
The ogre barely misses you.
You hit the ogre.
The ogre is moderately wounded.
The ogre hits you with a +0 giant club!
You barely miss the ogre.
The ogre is moderately wounded.
The ogre barely misses you.
You slash the ogre!
The ogre is heavily wounded.
The ogre closely misses you.
You hit the ogre.
The ogre is heavily wounded.
You hit the ogre.
The ogre is severely wounded.
The ogre hits you with a +0 giant club!!
Ouch! That really hurt!
* * * LOW HITPOINT WARNING * * *
You hit the ogre.
The ogre is severely wounded.
The ogre hits you with a +0 giant club!
You die...
Your body rises from the dead as a mindless zombie.

###########
..........#
.......<..#
......O@..#
..........#
.............
...........###
.............
./........##..
.......>..#
#..
##.....#... #.


You could see an ogre.

Vanquished Creatures
  Sigmund (D:2)
  Jessica (D:2)
  Robin (D:2)
  3 adders
  A gnoll (D:1)
  An adder zombie (D:2)
  A worm (D:2)
  3 dart slugs
  5 ball pythons
  8 bats
  4 endoplasms
  2 giant cockroaches
  15 goblins
  4 hobgoblins
  4 jackals (D:2)
  7 kobolds
  3 quokkas
  A frilled lizard (D:3)
  5 rats
70 creatures vanquished.

Vanquished Creatures (collateral kills)
  An adder (D:2)
  A worm (D:3)
  A goblin (D:2)
  A rat (D:2)
4 creatures vanquished.

Vanquished Creatures (others)
  An endoplasm zombie (D:2)
  3 goblin zombies (D:2)
  2 quokka zombies (D:2)
6 creatures vanquished.

Grand Total: 80 creatures vanquished

Notes
Turn   | Place    | Note
-------+----------+-------------------------------------------
     0 | D:1      | senseless the Human Gladiator began the quest for the Orb.
     0 | D:1      | Reached XP level 1. HP: 16/16 MP: 1/1
    74 | D:1      | Reached XP level 2. HP: 22/22 MP: 2/2
   579 | D:1      | Reached XP level 3. HP: 27/27 MP: 3/3
   753 | D:2      | Found a faded altar of an unknown god.
   764 | D:2      | Prayed at the altar of an unknown god.
   764 | D:2      | Became a worshipper of Yredelemnul the Dark
   764 | D:2      | Reached * piety under Yredelemnul
   810 | D:2      | Noticed Robin
   828 | D:2      | Reached XP level 4. HP: 26/34 MP: 4/4
   832 | D:2      | Killed Robin
   864 | D:2      | Reached ** piety under Yredelemnul
  1053 | D:2      | You fall into a shaft and drop 1 floor!
  1208 | D:2      | Noticed Jessica
  1213 | D:2      | Killed Jessica
  1214 | D:2      | Reached XP level 5. HP: 41/41 MP: 5/5
  1257 | D:2      | Noticed Sigmund
  1270 | D:2      | Killed Sigmund
  1271 | D:2      | Reached XP level 6. HP: 33/47 MP: 6/6
  1816 | D:3      | Found a snail-covered altar of Cheibriados.
  1922 | D:3      | Found a transporter.
  2104 | D:3      | Noticed flestrin's ghost (amateur DECj)
  2106 | D:3      | Identified the +5 giant spiked club of the Doomed God
                  | {spect, Dex+2}
  2106 | D:3      | Noticed an ogre
  2107 | D:3      | Noticed an ogre
  2195 | D:3      | Found a transporter.
  2219 | D:4      | Noticed an ogre
  2230 | D:4      | Slain by an ogre

Illustrated notes

Levels and vault maps discovered:
D:1:      dpeg_arrival_pits, layout_loops_ring
D:2:      layout_basic, shapermc_ecumenical_altar_mp_highgroup, uniq_jessica,
          uniq_robin, uniq_sigmund
D:3:      layout_rooms, lemuel_crystal_altar, gammafunk_ghost_smash
D:4:      layout_rooms, marbit_many_paths, gup_sewer_entry_glass

Skill      XL: |  1  2  3  4  5 |
---------------+----------------+-----
Fighting       | 3 |  3.7
Long Blades    | 4 |  4.3
Throwing       | 3 |  3.6
Dodging        | 4 |  4.4

Action                     |  1- 3 |  4- 6 || total
---------------------------+-------+-------++-------
  Melee: Long sword        |    65 |   145 ||   210
         Punch             |       |     1 ||     1
  Throw: Throwing net      |       |     1 ||     1
   Stab: Sleeping          |     1 |     3 ||     4
         Distracted        |       |     1 ||     1
         Held in net/web   |       |     1 ||     1
 Armour: Leather armour    |    21 |    45 ||    66
  Dodge: Dodged            |    34 |   102 ||   136

Table legend: (Time is in decaauts)
 A = Elapsed time spent in this place.
 B = Non-inter-level travel time spent in this place.
 C = Inter-level travel time spent in this place.
 D = Time resting spent in this place.
 E = Time spent auto-exploring this place.
 F = Levels seen in this place.
 G = Mean time per level.
                   A        B        C        D        E       F      G
               +--------+--------+--------+--------+--------+-----+--------+
         Total |   2281 |   2195 |     86 |     63 |   1626 |   4 |  570.2 |
       Dungeon |   2281 |   2195 |     86 |     63 |   1626 |   4 |  570.2 |
               +--------+--------+--------+--------+--------+-----+--------+

Top non-repeatable levels by time:
     D:2: 1048 daAuts
     D:1: 731 daAuts
     D:3: 489 daAuts
     D:4: 12 daAuts
